 Dungeon Crawl Stone Soup version 0.30.0-29-ga12c61a403 (webtiles) character file.

Game seed: 9148817693431154187

1045 ChadusMaximus the Summoner (level 8, -4/46 HPs)
             Began as a Barachi Summoner on June 24, 2023.
             Was a Believer of Hepliaklqana.
             Slain by an ice beast (14 damage)
             ... on level 6 of the Dungeon.
             The game lasted 00:05:58 (5380 turns).

ChadusMaximus the Summoner (Barachi Summoner)       Turns: 5380, Time: 00:05:59

Health: -4/46      AC:  7    Str: 10    XL:     8   Next: 25%
Magic:  16/16      EV: 16    Int: 17    God:    Hepliaklqana [**....]
Gold:   86         SH:  0    Dex: 19    Spells: 12/18 levels left

rFire   . . .        d - +0 war axe
rCold   . . .        (no shield)
rNeg    + + .        a - +0 robe
rPois   .            (no helmet)
rElec   .            i - +0 cloak
rCorr   .            v - +0 pair of gloves
SInv    .            z - +2 pair of boots of Epashry {rN+ Stlth+}
Will    .....        s - amulet of the acrobat
Stlth   +++          u - ring of positive energy
HPRegen 0.27/turn    n - +6 ring of dexterity
MPRegen 0.15/turn

%: acrobat
@: slow
A: reduced essence, amphibious, slowness 1, strong legs 1, +LOS
a: Hop, Renounce Religion, Recall Ancestor, Ancestor Identity


You were on level 6 of the Dungeon.
You worshipped Hepliaklqana.
Hepliaklqana was pleased with you.
You visited 1 branch of the dungeon, and saw 6 of its levels.

You collected 342 gold pieces.
You spent 256 gold pieces at shops.

Inventory:

Hand Weapons
 d - a +0 war axe (weapon)
Missiles
 x - a throwing net
Armour
 a - a +0 robe (worn)
 i - a +0 cloak (worn)
 v - a +0 pair of gloves (worn)
 z - the +2 pair of boots of Epashry (worn) {rN+ Stlth+}
   (You bought it in a shop on level 2 of the Dungeon)

   rN:        It protects you from negative energy.
   Stlth:     It makes you more stealthy.
Jewellery
 n - a +6 ring of dexterity (right hand)
 s - an amulet of the acrobat (around neck)
 u - a ring of positive energy (left hand)
 A - a ring of poison resistance
Wands
 y - a wand of charming (8)
Scrolls
 c - 2 scrolls of summoning {unknown}
 e - 2 scrolls of torment {unknown}
 f - a scroll of magic mapping {unknown}
 g - a scroll of teleportation {unknown}
 h - 2 scrolls of enchant weapon {unknown}
 j - a scroll of vulnerability {unknown}
 k - 2 scrolls of fog {unknown}
 l - a scroll of enchant armour {unknown}
 o - a scroll of poison {unknown}
 p - 3 scrolls of identify {unknown}
 q - a scroll of silence {unknown}
 w - 2 scrolls of fear {unknown}
Potions
 b - a potion of magic
 m - 2 potions of curing {unknown}
 r - a potion of attraction {unknown}
 t - a potion of lignification {unknown}


   Skills:
 + Level 6.3 Dodging
 - Level 1.8 Stealth
 + Level 5.7 Spellcasting
 + Level 8.1 Summonings


You had 12 spell levels left.
You knew the following spells:

 Your Spells              Type           Power      Damage    Failure   Level
a - Summon Small Mammal   Summ           100%       N/A       1%          1
b - Call Canine Familiar  Summ           32%        N/A       1%          3
c - Call Imp              Summ           64%        N/A       1%          2

Your spell library contained the following spells:

 Spells                   Type           Power      Damage    Failure   Level
 Summon Guardian Golem    Hex/Summ       18%        N/A       8%          3
 Beastly Appendage        Tmut           8%         N/A       13%         1
 Ensorcelled Hibernation  Hex/Ice        8%         N/A       21%         2
 Passwall                 Tmut/Erth      3%         N/A       21%         2
 Static Discharge         Conj/Air       8%         2-3/arc   21%         2
 Wereblood                Tmut           4%         N/A       21%         2
 Summon Lightning Spire   Summ/Air       18%        N/A       24%         4
 Spider Form              Tmut/Pois      4%         N/A       36%         3
 Swiftness                Air            4%         N/A       36%         3
 Airstrike                Air            2%         2d(1-17)  78%         4
 Blade Hands              Tmut           2%         N/A       98%         5
 Irradiate                Conj/Tmut      2%         3d12      98%         5
 Dragon Form              Tmut           2%         N/A       100%        7


Dungeon Overview and Level Annotations

Branches:
Dungeon (6/15)             Temple (0/1) D:4

Altars:
Dithmenos
Elyvilon
Fedhas
Hepliaklqana
Kikubaaqudgha
Qazlal
Sif Muna
Trog
Wu Jian
Yredelemnul
The Shining One

Shops:
D:2 [


Innate Abilities, Weirdness & Mutations

Your life essence is reduced to manifest your ancestor. (-10% HP)
You are amphibious.
You cover ground slowly.
You can hop short distances.
You have an extended range of vision and can be seen from far away.


Message History

No target in view!
A - a ring of poison resistance No target in view!
You swap places.
Found 6 stones.
No target in view!
No target in view!
e - 2 scrolls labelled ZIMPAITIUL (gained 1)
You now have 66 gold pieces (gained 10).
You now have 86 gold pieces (gained 20).
An ice beast comes into view.
Found 11 gold pieces.
An ice beast is nearby!
An ice beast is nearby!
The ice beast completely misses you.
You see here 11 gold pieces.
You hit the ice beast.
The ice beast is lightly wounded.
The ice beast hits you. The ice beast freezes you. The ice beast misses you.
You closely miss the ice beast.
The ice beast is lightly wounded.
The ice beast closely misses you.
You hit the ice beast.
The ice beast is moderately wounded.
The ice beast closely misses you. x2
You closely miss the ice beast.
The ice beast is moderately wounded.
The ice beast barely misses you.
You hit the ice beast but do no damage.
The ice beast is moderately wounded.
The ice beast hits you. The ice beast freezes you! The ice beast hits you.
The ice beast freezes you!
* * * LOW HITPOINT WARNING * * *
You are too injured to fight recklessly!
You hit the ice beast but do no damage.
The ice beast is lightly wounded.
The ice beast hits you.
* * * LOW HITPOINT WARNING * * *
The ice beast freezes you!
You die...

..#..###.##.##.#.#
..........<....#.#
.........#..#.##.#
..#.###..........#
..#.###..#..####.#
.....<...#..# #.#
........##..# #.#
..#..#####..# #Y#
..♣♣.♣♣.....# #@#
..♣#+#♣.###.# #R#
#.♣ ♣ #.# #.# #.♣
♣.###.####.# #.♣
♣..........# #..
#.###.###### #..
#.# #..# #.# #.#
#.#


You could see the friendly Arif the knight and an ice beast (ally target).

Vanquished Creatures
  An ice beast (D:5)
  An ogre (D:4)
  A phantom (D:4)
  A killer bee (D:5)
  2 hounds
  An iguana (D:5)
  Natasha (D:4)
  A gnoll (D:5)
  A worm (D:2)
  3 dart slugs
  An orc (D:5)
  3 bats (D:3)
  10 endoplasms
  3 giant cockroaches
  3 goblins
  7 hobgoblins
  7 kobolds
  7 quokkas
  5 ball pythons
  2 frilled lizards
  2 rats
63 creatures vanquished.

Vanquished Creatures (collateral kills)
  An ogre (D:4)
  A scorpion (D:5)
  3 killer bees (D:5)
  2 sleepcaps
  A hound (D:5)
  3 iguanas
  2 orc wizards (D:4)
  2 gnolls (D:5)
  3 adders
  2 worms
  A dart slug (D:1)
  10 orcs
  3 ball pythons
  2 giant cockroaches
  A goblin (D:4)
  A hobgoblin (D:3)
  A bat (D:3)
  2 kobolds
41 creatures vanquished.

Vanquished Creatures (others)
  3 ancestors
3 creatures vanquished.

Grand Total: 107 creatures vanquished

Notes
Turn   | Place    | Note
-------+----------+-------------------------------------------
     0 | D:1      | ChadusMaximus the Barachi Summoner began the quest for the
                  | Orb.
     0 | D:1      | Reached XP level 1. HP: 13/13 MP: 3/3
   214 | D:1      | Reached skill level 5 in Summonings
   214 | D:1      | Reached XP level 2. HP: 19/19 MP: 5/5
  1003 | D:2      | Reached XP level 3. HP: 22/24 MP: 7/7
  1483 | D:2      | Found Zumnadio's Antique Armour Shop.
  1799 | D:3      | Reached XP level 4. HP: 15/30 MP: 5/8
  1861 | D:2      | Learned a level 3 spell: Call Canine Familiar
  1864 | D:2      | Learned a level 2 spell: Call Imp
  2081 | D:3      | Found a glowing golden altar of the Shining One.
  2081 | D:3      | Found a bloodstained altar of Trog.
  2081 | D:3      | Found a shimmering blue altar of Sif Muna.
  2090 | D:3      | Found a blossoming altar of Fedhas.
  2091 | D:3      | Found a shadowy altar of Dithmenos.
  2093 | D:3      | Found a hazy altar of Hepliaklqana.
  2094 | D:3      | Found an ornate altar of the Wu Jian Council.
  2097 | D:3      | Found a white marble altar of Elyvilon.
  2102 | D:3      | Found a basalt altar of Yredelemnul.
  2105 | D:3      | Found an ancient bone altar of Kikubaaqudgha.
  2106 | D:3      | Became a worshipper of Hepliaklqana the Forgotten
  2817 | D:3      | Reached XP level 5. HP: 32/35 MP: 9/9
  3113 | D:4      | Reached skill level 6 in Summonings
  3248 | D:4      | Reached XP level 6. HP: 18/41 MP: 3/11
  3371 | D:4      | Found a staircase to the Ecumenical Temple.
  3487 | D:4      | Reached * piety under Hepliaklqana
  3603 | D:4      | Reached XP level 7. HP: 41/41 MP: 13/13
  3672 | D:4      | Reached skill level 5 in Dodging
  3672 | D:4      | Reached skill level 7 in Summonings
  3755 | D:4      | Found a stormy altar of Qazlal.
  4094 | D:4      | Noticed Natasha
  4102 | D:4      | Killed Natasha
  4190 | D:5      | Entered Level 5 of the Dungeon
  4228 | D:5      | Reached skill level 5 in Spellcasting
  4681 | D:5      | Reached XP level 8. HP: 33/46 MP: 14/16
  4725 | D:5      | Reached skill level 8 in Summonings
  5069 | D:5      | Reached ** piety under Hepliaklqana
  5070 | D:5      | Remembered your ancestor Arif as a knight
  5234 | D:2      | Bought a pair of transparent boots for 256 gold pieces
  5234 | D:2      | Identified the +2 pair of boots of Epashry {rN+ Stlth+}
                  | (You bought it in a shop on level 2 of the Dungeon)
  5380 | D:6      | Slain by an ice beast

Illustrated notes

Levels and vault maps discovered:
D:1:      dpeg_arrival_line_fractal, layout_basic
D:2:      layout_loops_ring, serial_shops, nicolae_shop_back_alley_shop
D:3:      layout_basic, nicolae_overflow_hallway_of_the_gods, dk_noncrumbling_3,
          kennysheep_decorative_pillar, minmay_misc_feat_enclosed
D:4:      minmay_octagon_keep, layout_basic, amcnicky_altar_gilded,
          temple_fountains, uniq_natasha
D:5:      layout_basic, bh_walls_and_bars
D:6:      layout_basic, kennysheep_mini_moat

Skill      XL: |  1  2  3  4  5  6  7  8 |
---------------+-------------------------+-----
Summonings     | 5 6 7 8 |  8.1
Dodging        | 3 4 5 6 |  6.3
Spellcasting   | 3 4 5 |  5.7
Stealth        | |  1.8

Action                     |  1- 3 |  4- 6 |  7- 9 || total
---------------------------+-------+-------+-------++-------
  Melee: War axe           |    82 |    62 |    79 ||   223
         Unarmed           |     3 |       |       ||     3
         Punch             |       |       |     1 ||     1
   Cast: Summon Small Mamm |    20 |     4 |     2 ||    26
         Call Canine Famil |       |     8 |     7 ||    15
         Call Imp          |       |     7 |     5 ||    12
 Invoke: Ancestor Life: Kn |       |       |     1 ||     1
Ability: Hop               |     1 |     2 |       ||     3
   Stab: Sleeping          |     2 |     2 |     1 ||     5
 Armour: Robe              |    12 |    22 |    16 ||    50
  Dodge: Dodged            |    61 |    62 |   101 ||   224
